 Dungeon Crawl Stone Soup version 0.29.0-15-g675c0067aa (webtiles) character file.

Game seed: 13277978407290154272

1404 qw the Chopper (level 8, -8/49 HPs)
             Began as a Gargoyle Fighter on Sept 12, 2022.
             Mangled by a wight
             ... wielding a +0 trident
              (10 damage)
             ... on level 7 of the Dungeon.
             The game lasted 00:02:27 (6443 turns).

qw the Chopper (Gargoyle Fighter)                   Turns: 6443, Time: 00:02:28

Health: -8/49      AC: 18    Str: 22    XL:     8   Next: 69%
Magic:  0/8        EV:  5    Int:  9    God:
Gold:   86         SH:  9    Dex:  9    Spells: 7/7 levels left

rFire   + . .      SeeInvis .   l - +0 war axe (vamp)
rCold   . . .      Faith    .   p - +0 kite shield
rNeg    + . .      Spirit   +   n - +0 plate armour
rPois   inf        Reflect  .   j - +0 helmet
rElec   +          Harm     .   (no cloak)
rCorr   .          Rampage  .   (no gloves)
Will    .....                   (no boots)
Stlth   ..........              a - amulet of guardian spirit
HPRegen 0.16/turn               q - ring of protection from fire
MPRegen 0.11/turn               (no ring)

@: no status effects
A: sickness immunity, AC +5, negative energy resistance 1, electricity
resistance, torment resistance 1, petrification resistance, high MP 1, sense
surroundings 1, MP-powered wands
a: no special abilities


You were on level 7 of the Dungeon.
You visited 1 branch of the dungeon, and saw 7 of its levels.

You collected 358 gold pieces.
You spent 272 gold pieces at shops.


Innate Abilities, Weirdness & Mutations

You are immune to sickness and miasma.
Your stone body is resilient. (AC +5)
You are immune to poison.
You resist negative energy. (rN+)
You are resistant to electric shocks. (rElec)
You are resistant to unholy torment.
You are immune to petrification.
You have an increased reservoir of magic. (+10% MP)
You passively map a small area around you.
You expend magic power (3 MP) to strengthen your wands.


   Skills:
 - Level 5.1 Fighting
 - Level 7.2 Axes
 - Level 1.2 Throwing
 - Level 4.3 Armour
 - Level 1.5 Dodging
 + Level 6.0 Shields


You had 7 spell levels left.
You didn't know any spells.
Your spell library was empty.

Inventory:

Hand Weapons
 b - a +0 morningstar
 l - a +0 vampiric war axe (weapon)
Missiles
 c - 3 silver boomerangs (quivered)
Armour
 j - a +0 helmet (worn)
 n - a +0 plate armour (worn)
 p - a +0 kite shield (worn)
Jewellery
 a - an amulet of guardian spirit (around neck)
 q - a ring of protection from fire (left hand)
Scrolls
 g - a scroll of identify
Potions
 d - a potion of might
 e - a potion of brilliance {unknown}
 f - a potion of cancellation
 h - 3 potions of haste
 i - 5 potions of lignification
 k - a potion of attraction {unknown}

Dungeon Overview and Level Annotations

Branches:
Dungeon (7/15)
 Temple: D:4-7

Altars:
Fedhas
Xom

Shops:
D:3 (   D:6 *

Annotations:
D:5 2 transporters, 1 runed translucent door, Crazy Yiuf; qw's ghost, weakling GrDe


Message History

The wight hits you but does no damage. x2
You barely miss the wight.
The wight is moderately damaged.
You barely miss the wight. The wight hits you with a +0 trident.
The wight hits you with a +0 halberd! The wight closely misses you.
The wight hits you but does no damage.
You closely miss the wight.
The wight is moderately damaged.
You closely miss the wight. The wight hits you but does no damage.
You block the wight's attack.
You hit the wight.
The wight is severely damaged.
You closely miss the wight. The wight hits you with a +0 trident.
The wight hits you but does no damage.
You barely miss the wight.
The wight is severely damaged.
You hit the wight but do no damage.
You block the wight's attack. x2; The wight hits you with a +0 trident.
The wight hits you with a +0 halberd.
You completely miss the wight.
The wight is severely damaged.
You hit the wight. You block the wight's attack. The wight barely misses you.
You hit the wight but do no damage.
The wight is severely damaged.
You hit the wight but do no damage. The wight hits you with a +0 trident.
The wight hits you but does no damage.
You hit the wight.
The wight is almost destroyed.
You slash the wight! You block the wight's attack.
The wight hits you but does no damage.
You slash the wight!
You destroy the wight!
You closely miss the wight. The wight barely misses you.
The wight hits you but does no damage.
Your Shields skill increases to level 6!
You closely miss the wight.
The wight is severely damaged.
The wight hits you with a +0 trident!
You die...

* #........... , #., *
*#.......... * , #. ,*
##.......... , #..**
#........... * #..
##..<........ * ##..#
##.......bb... , ..#....
###!()####...... *
......z##..[.## ##.....
>.....)@(...## #....))
.......))..## ##....).
...........# ##....##.
....#......#####.<.#####
... ####..........## ..
#.)......### .
#?)....### * #.)..### ,
##...######


You could see a wight.

Vanquished Creatures
  A water moccasin (D:6)
  A black bear (D:6)
  A phantom (D:5)
  2 necrophages
  A bullfrog (D:7)
  A gnoll sergeant (D:6)
  2 scorpions
  4 wights (D:7)
  A hound (D:6)
  2 orc priests
  3 iguanas
  3 orc wizards
  6 gnolls
  11 adders
  A white imp (D:6)
  An ufetubus (D:5)
  2 worms (D:3)
  A dart slug (D:3)
  24 orcs
  9 endoplasms
  7 giant cockroaches
  4 goblins
  8 hobgoblins
  2 jackals (D:1)
  6 quokkas
  10 ball pythons
  9 bats
  5 frilled lizards
  7 kobolds
  10 rats
145 creatures vanquished.

Vanquished Creatures (others)
  17 plants
17 creatures vanquished.

Grand Total: 162 creatures vanquished

Notes
Turn   | Place    | Note
-------+----------+-------------------------------------------
     0 | D:1      | qw the Gargoyle Fighter began the quest for the Orb.
     0 | D:1      | Reached XP level 1. HP: 14/14 MP: 1/1
     0 | D:1      | 0 ||| qw: Version: 0.1-a-119-g272c26d
     0 | D:1      | 0 ||| qw: Game counter: 10978
     0 | D:1      | 0 ||| qw: Always use a shield: true
     0 | D:1      | 0 ||| qw: God list: Okawaru
     0 | D:1      | 0 ||| qw: Allow faded altars: false
     0 | D:1      | 0 ||| qw: Do Orc after D:15 true
     0 | D:1      | 0 ||| qw: Do second Lair branch before Depths: true
     0 | D:1      | 0 ||| qw: Lair rune preference: random
     0 | D:1      | 0 ||| qw: Plans: Normal, Zot, God:TSO, Crypt, Tomb, Pan,
                  | Slime, Hells, Zig, Abyss, Orb
     0 | D:1      | 0 ||| PLANNING D:1-11
    28 | D:1      | Reached skill level 2 in Axes
    28 | D:1      | Reached XP level 2. HP: 19/19 MP: 2/2
   359 | D:1      | Reached skill level 3 in Axes
   400 | D:1      | Reached XP level 3. HP: 23/23 MP: 3/3
   407 | D:1      | 407 ||| Stepping ~*~*~tactically~*~*~ (stealth).
   425 | D:1      | 425 ||| Stepping ~*~*~tactically~*~*~ (stealth).
   460 | D:1      | 460 ||| Stepping ~*~*~tactically~*~*~ (stealth).
   471 | D:1      | 471 ||| Stepping ~*~*~tactically~*~*~ (stealth).
  1158 | D:1      | 1158 ||| READING scroll labelled RACKUORETI.
  1159 | D:1      | 1159 ||| READING 2 scrolls labelled ZEAV DAFAR.
  1160 | D:1      | 1160 ||| DRINKING 2 murky amethyst potions.
  1194 | D:1      | 1194 ||| DRINKING 2 murky black potions.
  1195 | D:1      | 1195 ||| DROPPING potion of flight.
  1207 | D:2      | 1207 ||| STAIRDANCE
  1241 | D:2      | 1241 ||| STAIRDANCE
  1356 | D:2      | Reached XP level 4. HP: 28/28 MP: 4/4
  1412 | D:2      | 1412 ||| Stepping ~*~*~tactically~*~*~ (stealth).
  1415 | D:2      | 1415 ||| Stepping ~*~*~tactically~*~*~ (stealth).
  1436 | D:2      | Reached skill level 4 in Axes
  1793 | D:2      | 1793 ||| Stepping ~*~*~tactically~*~*~ (stealth).
  1802 | D:2      | 1802 ||| Stepping ~*~*~tactically~*~*~ (stealth).
  1803 | D:2      | 1803 ||| Stepping ~*~*~tactically~*~*~ (stealth).
  1804 | D:2      | 1804 ||| Stepping ~*~*~tactically~*~*~ (stealth).
  1841 | D:2      | 1841 ||| Stepping ~*~*~tactically~*~*~ (stealth).
  2215 | D:2      | 2215 ||| UPGRADING to +0 scale mail of positive energy.
  2225 | D:2      | 2225 ||| DROPPING +0 scale mail.
  2226 | D:2      | 2226 ||| DROPPING amulet of faith.
  2227 | D:2      | 2227 ||| READING scroll labelled LUNATY DITZUO.
  2228 | D:2      | 2228 ||| READING scroll labelled DOOFUGRUPEU.
  2229 | D:2      | 2229 ||| READING scroll labelled MUGUSTR WOINIXO.
  2230 | D:2      | 2230 ||| DRINKING 3 yellow potions.
  2295 | D:3      | Found Ostri's Weapon Shop.
  2308 | D:3      | 2308 ||| Stepping ~*~*~tactically~*~*~ (stealth).
  2309 | D:3      | 2309 ||| Stepping ~*~*~tactically~*~*~ (stealth).
  2310 | D:3      | 2310 ||| Stepping ~*~*~tactically~*~*~ (stealth).
  2311 | D:3      | 2311 ||| Stepping ~*~*~tactically~*~*~ (stealth).
  2312 | D:3      | 2312 ||| Stepping ~*~*~tactically~*~*~ (stealth).
  2314 | D:3      | 2314 ||| Stepping ~*~*~tactically~*~*~ (hiding).
  2321 | D:3      | Reached XP level 5. HP: 32/32 MP: 5/5
  2457 | D:3      | 2457 ||| DROPPING +0 whip.
  2460 | D:3      | 2460 ||| DROPPING +0 flail.
  2587 | D:3      | 2587 ||| Stepping ~*~*~tactically~*~*~ (stealth).
  2794 | D:3      | 2794 ||| UPGRADING to +0 chain mail.
  2804 | D:3      | 2804 ||| DROPPING +0 scale mail of positive energy.
  3012 | D:4      | Found a shimmering altar of Xom.
  3045 | D:4      | Reached skill level 5 in Axes
  3280 | D:4      | 3280 ||| Stepping ~*~*~tactically~*~*~ (stealth).
  3353 | D:4      | 3353 ||| Stepping ~*~*~tactically~*~*~ (stealth).
  3466 | D:4      | Reached XP level 6. HP: 29/39 MP: 6/6
  3482 | D:4      | 3482 ||| FLEEEEING.
  3505 | D:4      | 3505 ||| FLEEEEING.
  3860 | D:4      | 3860 ||| UPGRADING to +0 plate armour.
  3870 | D:4      | 3870 ||| DROPPING +0 chain mail.
  3871 | D:4      | 3871 ||| READING scroll labelled YDETOGA WAMMI.
  3872 | D:4      | 3872 ||| READING 2 scrolls labelled GUACOF WATSIC.
  3873 | D:4      | 3873 ||| DRINKING 2 fizzy emerald potions.
  3874 | D:4      | 3874 ||| DROPPING scroll of immolation.
  3897 | D:5      | Entered Level 5 of the Dungeon
  3898 | D:5      | 3898 ||| PLANNING SEWER
  4028 | D:5      | Found a blossoming altar of Fedhas.
  4237 | D:5      | Reached skill level 6 in Axes
  4265 | D:5      | Noticed qw's ghost (weakling GrDe)
  4271 | D:5      | 4271 ||| Stepping ~*~*~tactically~*~*~ (stealth).
  4273 | D:5      | 4273 ||| Stepping ~*~*~tactically~*~*~ (hiding).
  4275 | D:5      | 4275 ||| Stepping ~*~*~tactically~*~*~ (hiding).
  4284 | D:5      | Reached XP level 7. HP: 27/44 MP: 7/7
  4420 | D:5      | Found a transporter.
  4422 | D:5      | Found a transporter.
  4520 | D:5      | Found a sand-covered staircase.
  4734 | D:5      | 4734 ||| RIP SEWER
  4734 | D:5      | 4734 ||| RIP OSSUARY
  4734 | D:5      | 4734 ||| PLANNING D:1-11
  4825 | D:5      | Found a runed translucent door.
  4826 | D:5      | Noticed Crazy Yiuf
  4934 | D:5      | 4934 ||| UPGRADING to +0 helmet.
  4939 | D:5      | 4939 ||| READING scroll labelled FYHEOVEKAU.
  5014 | D:5      | 5014 ||| DRINKING 2 emerald potions.
  5014 | D:5      | Gained mutation: Armour fits poorly on your strangely
                  | shaped body. [potion of mutation]
  5014 | D:5      | Gained mutation: You have sharp fingernails. [potion of
                  | mutation]
  5015 | D:5      | 5015 ||| DRINKING potion of mutation.
  5015 | D:5      | Lost mutation: Armour fits poorly on your strangely shaped
                  | body. [potion of mutation]
  5015 | D:5      | Lost mutation: You have sharp fingernails. [potion of
                  | mutation]
  5015 | D:5      | Gained mutation: Armour fits poorly on your strangely
                  | shaped body. [potion of mutation]
  5015 | D:5      | Gained mutation: A frigid envelope surrounds you and
                  | freezes all who hurt you. [potion of mutation]
  5016 | D:5      | 5016 ||| READING 2 scrolls of identify.
  5016 | D:5      | 5016 ||| IDENTIFYING orange potion
  5412 | D:6      | Reached skill level 7 in Axes
  5432 | D:6      | 5432 ||| Stepping ~*~*~tactically~*~*~ (hiding).
  5438 | D:6      | 5438 ||| Stepping ~*~*~tactically~*~*~ (hiding).
  5447 | D:6      | Reached XP level 8. HP: 17/49 MP: 8/8
  5676 | D:6      | Found Weub's Assorted Antiques.
  5683 | D:6      | 5683 ||| BUYING potion of lignification (102 gold).
  5683 | D:6      | Bought a potion of lignification for 102 gold pieces
  5683 | D:6      | 5683 ||| BUYING small gilded ring (170 gold).
  5683 | D:6      | Bought a small gilded ring for 170 gold pieces
  5738 | D:6      | Reached skill level 1 in Dodging
  5881 | D:6      | 5881 ||| UPGRADING to +0 kite shield.
  5891 | D:6      | 5891 ||| DROPPING +0 buckler.
  5892 | D:6      | 5892 ||| UPGRADING to amulet of guardian spirit.
  5897 | D:6      | 5897 ||| UPGRADING to ring of protection from fire.
  5956 | D:7      | 5956 ||| DRINKING potion of mutation.
  5956 | D:7      | Lost mutation: A frigid envelope surrounds you and freezes
                  | all who hurt you. [potion of mutation]
  5956 | D:7      | Lost mutation: Armour fits poorly on your strangely shaped
                  | body. [potion of mutation]
  5956 | D:7      | Gained mutation: You expend magic power (3 MP) to
                  | strengthen your wands. [potion of mutation]
  5956 | D:7      | Gained mutation: You have an increased reservoir of magic.
                  | (+10% MP) [potion of mutation]
  5956 | D:7      | Gained mutation: You passively map a small area around you.
                  | [potion of mutation]
  6028 | D:7      | 6028 ||| Stepping ~*~*~tactically~*~*~ (stealth).
  6031 | D:7      | 6031 ||| Stepping ~*~*~tactically~*~*~ (stealth).
  6171 | D:7      | 6171 ||| Stepping ~*~*~tactically~*~*~ (stealth).
  6186 | D:7      | HP: 12/49 [wight/+0 trident (3)]
  6187 | D:7      | 6187 ||| READING scroll of teleportation.
  6188 | D:7      | 6188 ||| DRINKING 2 potions of heal wounds.
  6192 | D:7      | 6192 ||| FLEEEEING.
  6193 | D:7      | 6193 ||| FLEEEEING.
  6194 | D:7      | 6194 ||| FLEEEEING.
  6195 | D:7      | 6195 ||| FLEEEEING.
  6196 | D:7      | 6196 ||| STAIRDANCE
  6311 | D:7      | 6311 ||| STAIRDANCE
  6349 | D:7      | Reached skill level 1 in Throwing
  6426 | D:7      | HP: 9/49 [wight/+0 halberd (10)]
  6427 | D:7      | 6427 ||| DRINKING potion of heal wounds.
  6437 | D:7      | HP: 10/49 [wight/+0 trident (3)]
  6438 | D:7      | HP: 3/49 [wight/+0 halberd (2)]
  6443 | D:7      | Reached skill level 6 in Shields
  6443 | D:7      | Mangled by a wight

Levels and vault maps discovered:
D:1:      beargit_arrival_greenhouse, layout_basic, nicolae_grassy_gnolls
D:2:      wad_woods_pond, layout_basic
D:3:      layout_basic, serial_shops, nicolae_shop_bloodbath_and_beyond,
          minmay_crystal_room, dreamdust_wishing_well
D:4:      layout_basic, old_standard_altar, serial_forest,
          infiniplex_forest_clump_small, infiniplex_forest_lined_2,
          infiniplex_forest_end_3, infiniplex_forest_end_double,
          infiniplex_forest_lined_4_way, infiniplex_forest_clump_C,
          infiniplex_forest_straight_1, infiniplex_forest_side_room
D:5:      layout_basic, fedhas_altar_2, gammafunk_ghost_hive,
          gup_sewer_entry_bubbles, nicolae_ossuary_entry_ruins, serial_rivers,
          chequers_serial_rivers_micro_a, chequers_serial_rivers_room_a,
          chequers_serial_rivers_marsh, chequers_serial_rivers_room_b,
          chequers_serial_rivers_room_b, uniq_crazy_yiuf_cottage
D:6:      layout_loops_ring, serial_shops, shop, dreamdust_princess_bridge
D:7:      layout_layer_cave, minmay_temple_entry_butterflies

Skill      XL: |  1  2  3  4  5  6  7  8 |
---------------+-------------------------+-----
Axes           | 2 3 4 5 6 7 |  7.2
Fighting       | 4 5 |  5.1
Armour         | 4 |  4.3
Dodging        | 1 |  1.5
Shields        | 6 |  6.0
Throwing       | 1 |  1.2

Action                   |  1- 3 |  4- 6 |  7- 9 || total
-------------------------+-------+-------+-------++-------
Melee: War axe           |   123 |   199 |   160 ||   482
  Use: Scroll            |     2 |     5 |     3 ||    10
       Potion            |     2 |     2 |     5 ||     9
Armor: Scale mail        |    64 |    48 |       ||   112
       Chain mail        |       |    47 |       ||    47
       Plate armour      |       |    26 |   145 ||   171
Dodge: Dodged            |    59 |    70 |    61 ||   190
Block: Buckler           |    23 |    32 |    27 ||    82
       Kite shield       |       |       |    59 ||    59

Table legend:
 A = Non-vault XP
 B = Vault XP
 C = Vault XP percentage of total XP
 D = Non-vault monster count
 E = Vault monster count
 F = Vault count percentage of total count
                 A         B        C        D         E       F
            +---------+---------+-------+---------+---------+-------
      Total |    1955 |      51 |   2.5 |     136 |       9 |   6.2
            +---------+---------+-------+---------+---------+-------
        D:1 |      60 |      15 |  20.0 |      37 |       1 |   2.6
        D:2 |      82 |       1 |   1.2 |      17 |       1 |   5.6
        D:3 |      57 |       0 |   0.0 |      19 |       0 |   0.0
        D:4 |     138 |       0 |   0.0 |      19 |       0 |   0.0
        D:5 |     425 |      35 |   7.6 |      10 |       7 |  41.2
        D:6 |     622 |       0 |   0.0 |      12 |       0 |   0.0
        D:7 |     571 |       0 |   0.0 |      22 |       0 |   0.0
            +---------+---------+-------+---------+---------+-------
